 Dungeon Crawl Stone Soup version 5.2-56-g927a965 (webtiles) character file.

133 Firecrotchwizard the Shield-Bearer (level 6, -3/32 HPs)
             Began as a Vine Stalker Fighter on Feb 16, 2018.
             Was an Initiate of Okawaru.
             Slain by an orc warrior
             ... wielding a +0 flail
              (7 damage)
             ... on level 3 of the Dungeon.
             The game lasted 00:05:58 (2452 turns).

Firecrotchwizard the Shield-Bearer (VSFi)           Turns: 2452, Time: 00:05:58

Health: -3/32      AC:  6 (24%)Str: 18  XL:     6   Next: 61%
Magic:  0/7        EV:  8    Int:  8    God:    Okawaru [0*[26]]
Gold:   253        SH: 10    Dex: 16    Spells: 5/5 levels left

rFire    . . .     SeeInvis .   j - +1 dagger (elec)
rCold    . . .     Faith    .   b - +0 shield
rNeg     . . .     Spirit   +   h - +0 ring mail
rPois    .         Reflect  .   (no helmet)
rElec    .                      (no cloak)
rCorr    .                      (no gloves)
MR       .....                  m - +0 pair of boots
Stlth    +.........             (no amulet)
Regen    0.5/turn               (no ring)
MPRegen  0.2/turn               (no ring)

@: no status effects
A: fangs 2, regeneration 1, magic shield, antimagic bite, no device heal 3, rot
immunity
a: Renounce Religion


You were on level 3 of the Dungeon.
You worshipped Okawaru.
Okawaru was noncommittal.
You were not hungry.

You visited 1 branch of the dungeon, and saw 3 of its levels.

You collected 253 gold pieces.

Inventory:

Hand Weapons
 j - a +1 dagger of electrocution (weapon)
   (You took it off a goblin on level 1 of the Dungeon)
 q - a +0 dagger of venom
   (You took it off a goblin on level 3 of the Dungeon)
Missiles
 n - a tomahawk of dispersal {=f}
Armour
 a - a +0 scale mail
 b - a +0 shield (worn)
 h - a +0 ring mail (worn)
   (You found it on level 1 of the Dungeon)
 m - a +0 pair of boots (worn)
   (You found it on level 2 of the Dungeon)
 p - a +0 helmet
   (You took it off Samantha on level 3 of the Dungeon)
Scrolls
 d - 2 scrolls of teleportation
 i - a scroll of blinking {!r}
 k - a scroll of magic mapping {!r}
 l - 2 scrolls of enchant armour
 o - a scroll of fog
Potions
 c - a potion of augmentation
 e - 2 potions of curing
 f - a potion of cancellation
 g - a potion of flight
 r - a potion of magic


   Skills:
 + Level 3.6 Fighting
 * Level 3.1 Blades
 - Level 2.4 Armour
 * Level 4.4 Shields
 - Level 3.1 Unarmed Combat


You had 5 spell levels left.
You didn't know any spells.

Dungeon Overview and Level Annotations

Branches:
Dungeon (3/15)

Altars:
Cheibriados
Gozag
Hepliaklqana
Nemelex Xobeh
Okawaru
Sif Muna
Trog


Innate Abilities, Weirdness & Mutations

You have extremely sharp teeth.
Your natural rate of healing is unusually fast.
When hurt, damage is shared between your health and your magic reserves.
Your bite disrupts and absorbs the magic of your enemies.
Potions cannot restore your health.
You are immune to rotting.


Message History

Things that are here:
a +0 spear; a +0 animal skin You feel sick.
q - a +0 dagger of venom
Things that are here:
a +0 dagger x2
You start resting.
You feel sick. x5
You are no longer poisoned.
You regained 4 hp, and now have 29/32 hp.
You start resting.
Health restored: 32
r - a potion of magic You see here a +0 dagger.
Things that are here:
a +0 dagger x2
Things that are here:
a +0 spear; a +0 animal skin A bat and an orc come into view.
There are monsters nearby!
You miss the bat. The bat hits you but does no damage.
The bat barely misses you.
You closely miss the bat. You block the bat's attack.
The bat hits you but does no damage. The orc hits you but does no damage.
You barely miss the orc. Your bite misses the orc. You block the orc's attack.
You hit the bat (1). You bite the bat, but do no damage.
You block the bat's attack. The bat hits you (1).
The orc hits you but does no damage.
You now have 6/7 mp.
You barely miss the orc. Your bite misses the orc. You block the bat's attack.
You block the orc's attack.
You hit the bat (2). Your bite misses the bat. You block the bat's attack.
The orc hits you but does no damage.
You hit the orc but do no damage.
There is a sudden explosion of sparks (14)!
You kill the orc!
Okawaru accepts your kill. The bat hits you but does no damage.
An orc priest comes into view. It is wielding a +0 rapier.
The orc priest shouts!
You block the bat's attack.
An orc wizard comes into view. It is wielding a -2 dagger.
The orc wizard shouts!
The bat hits you but does no damage. x2
An orc warrior comes into view. It is wielding a +0 flail.
The orc warrior shouts!
You hit the bat (3).
There is a sudden explosion of sparks (8)!
You kill the bat!
Okawaru accepts your kill.
The orc priest invokes the aid of Beogh against you.
Pain shoots through your body (13)!
An orc comes into view. It is wielding a +0 hand axe.
You take 11 damage, and have 21/32 hp.
MASSIVE DAMAGE!!
You now have 5/7 mp.
A rat comes into view.
The orc shouts!
The orc priest hits you with a +0 rapier (2).
You now have 4/7 mp.
You hit the orc priest (4).
The orc wizard casts a spell.
The orc wizard seems to speed up.
The orc priest calls down the wrath of Beogh upon you.
Pain shoots through your body (13)!
A goblin comes into view. It is wielding a +0 dagger.
The goblin shouts!
You take 11 damage, and have 10/32 hp.
MASSIVE DAMAGE!!
You now have 2/7 mp.
You hit the orc priest (4).
There is a sudden explosion of sparks (6)!
You kill the orc priest!
Okawaru accepts your kill.
The orc wizard gestures at you while chanting.
The puff of flame hits you!
That hurt (3)!
* * * LOW HITPOINT WARNING * * *
You take 1 damage, and have 9/32 hp.
You now have 1/7 mp.
The orc wizard closely misses you.
You see here a +0 rapier.
You completely miss the orc warrior.
You hit the orc warrior but do no damage.
You bite the orc warrior (1). You drain its power.
You feel invigorated.
You hit the orc warrior but do no damage.
There is a sudden explosion of sparks (12)!
You bite the orc warrior, but do no damage.
The orc warrior hits you with a +0 flail (10)!
* * * LOW HITPOINT WARNING * * *
You take 7 damage, and have 3/32 hp.
MASSIVE DAMAGE!!
You now have 1/7 mp.
You hit the orc warrior but do no damage.
The orc warrior barely misses you.
You hit the orc warrior but do no damage.
Your bite misses the orc warrior. You block the orc warrior's attack.
You hit the orc warrior but do no damage.
You hit the orc warrior (3).
You bite the orc warrior, but do no damage.
The orc warrior hits you with a +0 flail (8)!
You die...

#.......# #)#
#.####### #.# #.# #)#
#.# #)# #.# #.# #.# .
#.# #.# ... ### #.#
#.#
$...r########.#####.#
#.#
#..gooo@.....#......#
#.#####
##.######.#)###.#####
#.....## #..## ##.#
####...# #.## #..
.....#...# #.. ###
####...### #.# ##.##
..# #.# ..# #.#


You could see an orc warrior, an orc wizard, an orc, a goblin and a rat.

Vanquished Creatures
  An ice beast (D:3)
  A scorpion (D:3)
  An orc priest (D:3)
  Samantha (D:3)
  6 adders
  3 dart slugs
  2 orcs (D:3)
  3 quokkas
  A ball python (D:1)
  7 giant cockroaches
  8 hobgoblins
  10 jackals
  12 kobolds (D:1)
  11 bats
  5 frilled lizards
  19 goblins
  11 rats
102 creatures vanquished.

Notes
Turn   | Place    | Note
-------+----------+-------------------------------------------
     0 | D:1      | Firecrotchwizard the Vine Stalker Fighter began the quest for the Orb.
     0 | D:1      | Reached XP level 1. HP: 11/11 MP: 2/2
   225 | D:1      | Reached XP level 2. HP: 16/16 MP: 3/3
   365 | D:1      | Reached skill level 3 in Shields
   458 | D:1      | Reached XP level 3. HP: 17/19 MP: 4/4
   538 | D:1      | Reached skill level 3 in Unarmed Combat
  1038 | D:2      | Found a snail-covered altar of Cheibriados.
  1042 | D:2      | Found a hazy altar of Hepliaklqana.
  1042 | D:2      | Found an opulent altar of Gozag.
  1044 | D:2      | Found a sparkling altar of Nemelex Xobeh.
  1100 | D:2      | Reached skill level 1 in Blades
  1100 | D:2      | Gained mutation: Your natural rate of healing is unusually fast. [Vine Stalker growth]
  1100 | D:2      | Reached XP level 4. HP: 23/23 MP: 5/5
  1295 | D:2      | Reached skill level 3 in Fighting
  1435 | D:2      | Reached XP level 5. HP: 28/28 MP: 6/6
  1541 | D:2      | Found an iron altar of Okawaru.
  1707 | D:2      | Found a faded altar of an unknown god.
  1830 | D:2      | Found a bloodstained altar of Trog.
  1896 | D:2      | Became a worshipper of Warmaster Okawaru
  1929 | D:3      | Found a deep blue altar of Sif Muna.
  1946 | D:3      | Noticed an ice beast
  1961 | D:3      | Killed an ice beast
  1961 | D:3      | Reached skill level 2 in Blades
  1961 | D:3      | Reached skill level 4 in Shields
  1964 | D:3      | Reached XP level 6. HP: 28/32 MP: 7/7
  2356 | D:3      | Noticed Samantha
  2376 | D:3      | Killed Samantha
  2376 | D:3      | Reached skill level 3 in Blades
  2440 | D:3      | Noticed an orc warrior
  2448 | D:3      | HP: 3/32 [orc warrior/+0 flail (8)]
  2452 | D:3      | Slain by an orc warrior

Skill      XL: |  1  2  3  4  5  6 |
---------------+-------------------+-----
Shields        | 3 4 |  4.4
Unarmed Combat | 3 |  3.1
Blades         | 1 2 3 |  3.1
Fighting       | 3 |  3.6
Armour         | |  2.4

Action                   |  1- 3 |  4- 6 || total
-------------------------+-------+-------++-------
Melee: Unarmed           |   107 |       ||   107
       Bite              |    27 |    40 ||    67
       Dagger            |    24 |   178 ||   202
Armor: Scale mail        |    20 |       ||    20
       Ring mail         |    18 |    68 ||    86
Dodge: Dodged            |    30 |    74 ||   104
Block: Shield            |    61 |    90 ||   151

Vault maps used:
D:1:      minmay_arrival_checkered_box, minmay_misc_feat_room,
          minmay_tetromino_o4
D:2:      lemuel_crystal_altar, lightli_temple_of_fire,
          hellmonk_temple_overflow_bars, chequers_ecumenical_altar_grove,
          grunt_ministairs_8
D:3:      lemuel_crystal_altar, uniq_robin

Table legend:
 A = Turns spent in this place as a percentage of turns spent in the entire game.
 B = Non-inter-level travel turns spent in this place as a percentage of non-inter-level travel turns spent in the entire game.
 C = Inter-level travel turns spent in this place as a percentage of turns spent in this place.
 D = Turns resting spent in this place as a percentage of non-inter-level travel turns spent in this place.
 E = Turns spent auto-exploring this place as a percentage of non-inter-level travel turns spent in this place.
 F = Non-inter-level travel turns spent in this place divided by the number of levels of this place that you've seen.
                   A       B       C       D       E      F
               +-------+-------+-------+-------+-------+----------------------
         Total | 100.0 | 100.0 |   0.1 |   2.7 |   9.6 | 267.3
       Dungeon | 100.0 | 100.0 |   0.1 |   2.7 |   9.6 | 267.3
               +-------+-------+-------+-------+-------+----------------------

Table legend:
 A = Kills in this place as a percentage of kills in entire the game.
 B = Kills by you in this place as a percentage of kills by you in the entire game.
 C = Kills by friends in this place as a percentage of kills by friends in the entire game.
 D = Other kills in this place as a percentage of other kills in the entire game.
 E = Experience gained in this place as a percentage of experience gained in the entire game.
 F = Experience gained in this place divided by the number of levels of this place that you have seen.
                   A       B       C       D       E      F
               +-------+-------+-------+-------+-------+----------------------
         Total | 100.0 | 100.0 |  -nan |  -nan | 100.0 | 167.3
       Dungeon | 100.0 | 100.0 |  -nan |  -nan | 100.0 | 167.3
               +-------+-------+-------+-------+-------+----------------------
